AoeStats
← Lil Fabrice

Pilgrims

510073723Analyzed
4v4 RM · 3d ago on Sep 29, 2026· 22m 51s· 8 players
Game mode
Random Map
Map size
Large (8 player)
Population
200
Speed
Normal
Resources
Standard
Victory
Conquest
Starting age
Dark Age
Ending age
Imperial Age
RankedLock teamsTeams togetherTeam positionsShared explorationLock speedFull tech treeHidden civsTurbo modeCheats
Victory
Defeat
🇲🇴 Wu · Macao SAR China
1478
+15
🇮🇹 Goths · Italy
1477
+15
🇨🇳 Mongols · China
1466
+16
🇨🇳 Maya · China
1392
+19
🇹🇼 Varangians · Taiwan
1576
-21
🇫🇷 Wei · France
1567
-20
🇨🇳 Japanese · China
1368
-13
🇹🇼 Turks · Taiwan
1327
-11
屁屁人
5:43 Loom
13:54 Feudal Age
16:25 Man-at-Arms
21:18 Arson
小农民
12:40 Feudal Age
12:19 Loom
13:43 Double-Bit Axe
16:38 Castle Age
14:39 Gold Mining
15:32 Stone Mining
15:24 Horse Collar
15:31 Fishing Lines
19:19 Fletching
19:29 Padded Archer Armor
19:51 Bow Saw
19:46 Gillnets
22:16 Ballistics
21:55 Bodkin Arrow
22:15 Leather Archer Armor
Nogard
10:15 Feudal Age
12:45 Loom
15:29 Castle Age
13:23 Double-Bit Axe
15:22 Horse Collar
16:47 Bow Saw
17:59 Wheelbarrow
21:17 Gold Mining
21:22 Stone Mining
21:45 Fletching
逸丶然
7:05 Loom
12:01 Feudal Age
12:52 Town Watch
15:45 Castle Age
14:09 Double-Bit Axe
15:10 Gold Mining
17:57 Bow Saw
18:19 Fletching
19:32 Bodkin Arrow
屁屁寶寶
5:06 Loom
Lil Fabrice
10:53 Loom
13:08 Feudal Age
11:28 Loom
13:54 Feudal Age
18:20 Forging
19:24 Fletching
19:30 Double-Bit Axe
好奇小牛
5:43 Loom
11:46 Feudal Age
13:00 Double-Bit Axe
15:26 Castle Age
13:25 Stone Mining
13:39 Fishing Lines
15:02 Fletching
15:01 Town Watch
dashuaibi
5:01 Loom
13:01 Feudal Age
14:13 Fishing Lines
17:02 Castle Age
14:56 Stone Mining
15:23 Double-Bit Axe
15:22 Horse Collar
16:02 Forging
15:57 Scale Mail Armor
17:47 Fletching
18:15 Chain Mail Armor
18:35 Iron Casting
18:08 Gillnets
18:54 Bow Saw
18:55 Gold Mining
Connection lost

Rejoining the realm…

Still unreachable

The connection could not be restored.

Session expired

The server has moved on; the page needs a fresh start.